 Dungeon Crawl Stone Soup version 0.28.0-53-g5a82cb258f (webtiles) character file.

Game seed: 3803950434455033149

5609 DildoBatman the Covered (level 11, -2/82 (84) HPs)
             Began as a Formicid Conjurer on June 30, 2022.
             Was a Believer of Kikubaaqudgha.
             Slain by an elephant (6 damage)
             ... while petrified by a basilisk
             ... on level 10 of the Dungeon.
             The game lasted 00:43:34 (11473 turns).

DildoBatman the Covered (Formicid Conjurer)        Turns: 11473, Time: 00:43:35

HP:   -2/82 (84)    AC:  9    Str: 20    XL:     11   Next: 3%
MP:   21/21         EV:  2    Int: 18    God:    Kikubaaqudgha [**....]
Gold: 1629          SH:  0    Dex: 19    Spells: 10/24 levels left

rFire   . . .      SeeInvis +   a - +8 flail "Hiramas" {freeze, rCorr Str+2 Stlth+}
rCold   . . .      Faith    .   (no shield)
rNeg    + + +      Spirit   .   w - +0 robe
rPois   ∞          Reflect  .   (helmet unavailable)
rElec   .          Harm     .   (no cloak)
rCorr   +          Rampage  +   v - +2 pair of gloves
Will    +....                   P - +2 pair of boots {rampage}
Stlth   +++.......              (no amulet)
HPRegen 0.23/turn               E - +6 ring of dexterity
MPRegen 0.17/turn               c - +6 ring of strength

@: petrified, lightly drained
A: permanent stasis, dig shafts and tunnels, antennae 3, four strong arms
a: Dig, Shaft Self, Renounce Religion, Receive Corpses


You were on level 10 of the Dungeon.
You worshipped Kikubaaqudgha.
Kikubaaqudgha was pleased with you.
You visited 2 branches of the dungeon, and saw 11 of its levels.
You also visited: Ossuary and Bailey.

You collected 1629 gold pieces.

Inventory:

Hand Weapons
 a - the +8 flail "Hiramas" (weapon) {freeze, rCorr Str+2 Stlth+}
   (You found it on level 9 of the Dungeon)

   It freezes those it strikes, dealing additional cold damage.
   It can also slow down cold-blooded creatures.
   Str:       It affects your strength (+2).
   rCorr:     It protects you from acid and corrosion.
   Stlth:     It makes you more stealthy.
 b - a +0 shortbow of freezing
 d - a +0 long sword
Missiles
 g - 141 stones
 k - 6 javelins
 u - 38 bolts
 x - 161 arrows
 y - 52 sling bullets
 N - 21 boomerangs
 R - 12 poisoned darts
Armour
 v - a +2 pair of gloves (worn)
 w - a +0 robe (worn)
 P - a +2 pair of boots of rampaging (worn)
Jewellery
 c - a +6 ring of strength (right hand)
 E - a +6 ring of dexterity (left hand)
 L - the ring of Awe {Fire *Slow Will+ Str+7 Int-3}
   (You found it on level 7 of the Dungeon)

   [ring of fire]

   It enhances your fire magic.
   Str:       It affects your strength (+7).
   Int:       It affects your intelligence (-3).
   rF:        It protects you from fire.
   rC:        It makes you vulnerable to cold.
   *Slow:     It may slow you when you take damage.
   Will:      It increases your willpower.
 O - a ring of flight
Wands
 p - a wand of iceblast (9)
 B - a wand of flame (22)
 J - a wand of paralysis (7)
Scrolls
 f - 2 scrolls of amnesia
 h - a scroll of fear {unknown}
 l - 2 scrolls of torment
 n - a scroll of immolation
 z - 2 scrolls of identify
 A - a scroll of summoning {unknown}
 C - a scroll of blinking {unknown}
 D - a scroll of fog {unknown}
 F - a scroll of enchant armour {unknown}
 I - 5 scrolls of enchant weapon
Potions
 e - 3 potions of invisibility {unknown}
 i - 3 potions of berserk rage {unknown}
 j - 3 potions of cancellation {unknown}
 m - 2 potions of degeneration {unknown}
 o - 3 potions of ambrosia {unknown}
 q - 6 potions of might {unknown}
 r - a potion of magic {unknown}
 s - 2 potions of curing {unknown}
 t - 8 potions of attraction {unknown}
 G - 2 potions of brilliance {unknown}
 H - 2 potions of flight
 K - 4 potions of heal wounds {unknown}
 M - a potion of resistance {unknown}
 T - 2 potions of mutation {unknown}
Miscellaneous
 Q - a phantom mirror
 S - a tin of tremorstones (2/2)


   Skills:
 - Level 7.2 Fighting
 - Level 2.0 Maces & Flails
 - Level 7.9 Armour
 - Level 4.5 Dodging
 - Level 2.4 Stealth
 - Level 7.0 Spellcasting
 - Level 6.0 Conjurations
 - Level 5.9 Necromancy
 * Level 4.2 Earth Magic


You had 10 spell levels left.
You knew the following spells:

 Your Spells              Type           Power      Damage    Failure   Level
a - Searing Ray           Conj           54%        2d6       1%          2
b - Dazzling Flash        Conj/Hex       34%        N/A       10%         3
c - Magic Dart            Conj           100%       1d8       1%          1
d - Iron Shot             Conj/Erth      12%        9d3       90%         6
z - Sublimation of Blood  Necr           27%        N/A       1%          2

Your spell library contained the following spells:

 Spells                   Type           Power      Damage    Failure   Level
 Animate Skeleton         Necr           54%        N/A       1%          1
 Pain                     Necr           100%       1d9       1%          1
 Corpse Rot               Necr/Air       32%        N/A       4%          2
 Static Discharge         Conj/Air       17%        N/A       4%          2
 Apportation              Tloc           12%        N/A       11%         1
 Fulminant Prism          Conj/Hex       8%         3d7       30%         4
 Iskenderun's Mystic Bla  Conj/Tloc      17%        2d5       30%         4
 Portal Projectile        Hex/Tloc       12%        N/A       32%         3
 Summon Guardian Golem    Hex/Summ       6%         N/A       32%         3
 Animate Armour           Summ/Erth      26%        N/A       41%         4
 Lightning Bolt           Conj/Air       8%         1d21      65%         5
 Alistair's Intoxication  Tmut/Pois      4%         N/A       96%         5
 Blade Hands              Tmut           3%         N/A       96%         5
 Discord                  Hex            3%         N/A       100%        8
 Maxwell's Capacitive Co  Air            3%         ∞         100%        8


Dungeon Overview and Level Annotations

Branches:
Dungeon (10/15)            Temple (1/1) D:6         Ossuary (visited)
 Bailey (visited)
   Lair: D:8-11         Orc: D:9-12

Altars:
Ashenzari
Cheibriados
Dithmenos
Elyvilon
Fedhas
Gozag
Hepliaklqana
Kikubaaqudgha
Makhleb
Nemelex Xobeh
Okawaru
Qazlal
Ru
Trog
Uskayaw
Vehumet
Wu Jian
Xom
Yredelemnul
Zin
The Shining One

Annotations:
D:6 Blork the orc
D:7 Harold
D:8 exclusion: two-headed ogre
D:9 1 exclusion


Innate Abilities, Weirdness & Mutations

You cannot be hasted, slowed, berserked, paralysed or teleported.
You can dig through walls and to a lower floor.
You have a pair of large antennae on your head. (SInv)
Your four strong arms can wield two-handed weapons with a shield.


Message History

a - the +8 flail "Hiramas" (weapon)
{freeze, rCorr Str+2 Stlth+} The elephant completely misses you.
The elephant barely misses you.
You thump the basilisk!
The basilisk seems to slow down.
You freeze the basilisk.
The basilisk is heavily wounded.
The basilisk gazes at you.
You easily resist.
The basilisk hisses menacingly.
The basilisk gazes at you.
You easily resist.
You thump the wyvern! You freeze the wyvern.
The wyvern is heavily wounded.
The wyvern bites you but does no damage.
The wyvern bites you!
You barely miss the wyvern.
The wyvern is heavily wounded.
The basilisk is no longer moving slowly.
The wyvern bites you but does no damage.
The basilisk gazes at you.
You are slowing down.
The wyvern bites you!
You hit the wyvern. You freeze the wyvern.
The wyvern is severely wounded.
The wyvern completely misses you. The wyvern bites you.
The elephant tramples you.
You stumble backwards!
You have turned to stone.
The elephant tramples you.
You are shoved backwards!
The wyvern bites you! The elephant tramples you!
You are shoved backwards!
The elephant tramples you!
You die...
Kikubaaqudgha rasps: "You have failed me!
Welcome... oblivion!"

........................((....#
#...........................
####...................l.......
#...................#####......
#...................# ......
##................l..# ####..
##.....[..........l...# ..
#......#####....lY....## (
.......# #....@.........
.......# #..............
.......# #...............
.......# #....###........
......... .....#####.......
...............#####......
...............#####.....
................###.....
.........


You could see an elephant, 2 basilisks and a wyvern.

Vanquished Creatures
  An orc knight (Bailey)
  A shadow (D:9)
  8 yaks
  Edmund (D:5)
  2 water moccasins
  A black bear (D:6)
  8 orc warriors
  3 sky beasts
  An ice beast (Temple)
  A necrophage (D:5)
  An ogre (D:4)
  2 centaurs (D:9)
  A kobold brigand (D:9)
  3 bullfrogs
  3 elf zombies (Ossuary)
  4 scorpions
  A water moccasin skeleton (D:6)
  5 killer bees (D:5)
  4 wights
  2 centaur zombies
  3 centaur skeletons
  A human zombie (Ossuary)
  A jelly (D:6)
  An orc priest (D:6)
  5 iguanas
  Terence (D:2)
  7 orc wizards
  2 mummies (Ossuary)
  A howler monkey zombie (D:10)
  3 gnolls (Bailey)
  6 adders
  A shadow imp (D:7)
  2 ufetubi
  An adder zombie (Ossuary)
  A worm (D:2)
  3 dart slugs
  19 orcs
  8 ball pythons
  5 bats
  16 endoplasms
  4 giant cockroaches
  13 goblins
  8 hobgoblins
  3 jackals (D:4)
  25 kobolds
  4 quokkas
  5 frilled lizards
  3 goblin zombies
  7 hobgoblin zombies (Ossuary)
  3 jackal zombies (Ossuary)
  11 kobold zombies (Ossuary)
  7 orc zombies (Ossuary)
  4 rats
  2 rat zombies (Ossuary)
239 creatures vanquished.

Notes
Turn   | Place    | Note
-------+----------+-------------------------------------------
     0 | D:1      | DildoBatman the Formicid Conjurer began the quest for the
                  | Orb.
     0 | D:1      | Reached XP level 1. HP: 13/13 MP: 3/3
   127 | D:1      | Reached XP level 2. HP: 10/19 MP: 0/5
   130 | D:1      | Learned a level 2 spell: Searing Ray
   367 | D:1      | Found a faded altar of an unknown god.
   580 | D:1      | Reached XP level 3. HP: 8/24 MP: 1/6
  1424 | D:2      | Reached XP level 4. HP: 28/28 MP: 1/7
  1561 | D:2      | Noticed Terence
  1830 | D:3      | Reached skill level 1 in Armour
  2175 | D:3      | Reached skill level 1 in Fighting
  2556 | D:4      | Reached XP level 5. HP: 34/37 MP: 1/9
  2636 | D:4      | Reached skill level 5 in Conjurations
  2636 | D:4      | Reached XP level 6. HP: 30/44 MP: 5/10
  2759 | D:4      | Noticed an ogre
  2770 | D:4      | Killed an ogre
  3034 | D:4      | Found a shimmering altar of Xom.
  3034 | D:4      | Found a shimmering altar of Xom.
  3037 | D:4      | Found a shimmering altar of Xom.
  3037 | D:4      | Found a shimmering altar of Xom.
  3268 | D:5      | Entered Level 5 of the Dungeon
  3271 | D:5      | Identified a scroll of acquirement
  3273 | D:5      | Acquired 670 gold pieces
  3301 | D:5      | Got the Guide on Hexes and Transmigration
  3409 | D:5      | Found a sand-covered staircase.
  3456 | Ossuary  | Entered an ossuary
  3778 | Ossuary  | Reached XP level 7. HP: 5/50 MP: 13/13
  3955 | Ossuary  | Reached skill level 5 in Spellcasting
  4514 | D:5      | Reached XP level 8. HP: 51/56 MP: 11/17
  4542 | D:5      | You fall into a shaft and drop 3 floors!
  4542 | D:8      | Noticed a yak
  4548 | D:8      | Noticed a yak
  4640 | D:8      | Noticed a yak
  4641 | D:8      | Noticed a yak
  4642 | D:8      | Noticed a yak
  4838 | D:6      | Found a staircase to the Ecumenical Temple.
  4882 | Temple   | Entered the Ecumenical Temple
  5270 | Temple   | Became a worshipper of Kikubaaqudgha
  5598 | D:5      | Reached XP level 9. HP: 50/66 MP: 13/19
  5615 | D:5      | Reached skill level 5 in Fighting
  5615 | D:5      | Reached skill level 5 in Armour
  5688 | D:2      | Killed Terence
  6011 | D:6      | Reached skill level 1 in Necromancy
  6225 | D:6      | Noticed Edmund
  6313 | D:5      | Killed Edmund
  6460 | D:6      | Noticed Blork the orc
  6917 | D:7      | Reached * piety under Kikubaaqudgha
  6917 | D:7      | Received a gift from Kikubaaqudgha
  6957 | D:7      | Reached skill level 5 in Necromancy
  7014 | D:7      | Noticed Harold
  7135 | D:7      | Identified the ring of Awe {Fire *Slow Will+ Str+7 Int-3}
  7388 | D:7      | Learned a level 2 spell: Sublimation of Blood
  7411 | D:8      | Reached XP level 10. HP: 40/74 MP: 10/20
  8405 | D:9      | Identified the +8 flail "Hiramas" {freeze, rCorr Str+2
                  | Stlth+}
  8571 | D:9      | Reached skill level 1 in Maces & Flails
  8691 | D:9      | Reached ** piety under Kikubaaqudgha
  8693 | D:9      | Found a flagged portal.
  8698 | Bailey   | Entered a bailey
  8706 | Bailey   | Noticed an orc knight
  9274 | Bailey   | Learned a level 3 spell: Dazzling Flash
  9595 | Bailey   | Killed an orc knight
 10437 | D:9      | Learned a level 6 spell: Iron Shot
 10686 | D:10     | Entered Level 10 of the Dungeon
 10688 | D:10     | Noticed a two-headed ogre
 10872 | D:9      | Reached skill level 1 in Earth Magic
 10945 | D:9      | Reached XP level 11. HP: 14/83 MP: 13/21
 11451 | D:10     | Noticed an elephant
 11472 | D:10     | HP: 4/82 [elephant (7)]
 11473 | D:10     | Slain by an elephant

Illustrated notes

Levels and vault maps discovered:
D:1:      amcnicky_arrival_blooded_trapdoor, layout_basic,
          shapermc_ecumenical_altar_pompeii, minivault_5
D:2:      layout_rooms, uniq_terence
D:3:      layout_loops_cross
D:4:      layout_rooms, xom_redecorated
D:5:      layout_loops_ring, enter_ossuary_4
D:6:      layout_basic, temple_pool_b, kennysheep_small_circle,
          uniq_blork_the_orc, uniq_edmund
D:7:      layout_basic, uniq_harold
D:8:      layout_loops_corners
D:9:      layout_grid_maze, enter_bailey_3, kennysheep_decorative_pillar
D:10:     layout_big_octagon, tgw_sif, david_lair_generic
Temple:   mainiacjoe_temple_big_plus

Skill      XL: |  1  2  3  4  5  6  7  8  9 10 |
---------------+-------------------------------+-----
Conjurations   | 4 5 6 |  6.0
Armour         | 1 2 4 6 7 |  7.9
Fighting       | 1 2 4 5 7 |  7.2
Spellcasting   | 3 4 6 7 |  7.0
Necromancy     | 5 |  5.9
Dodging        | 2 4 |  4.5
Maces & Flails | 2 |  2.0
Earth Magic    | 4 |  4.2
Stealth        | |  2.4

Action                   |  1- 3 |  4- 6 |  7- 9 | 10-12 || total
-------------------------+-------+-------+-------+-------++-------
Melee: Mace              |    16 |    42 |       |       ||    58
       Punch             |       |     2 |     2 |     1 ||     5
       Dagger            |       |    70 |    33 |       ||   103
       Flail             |       |       |    23 |    69 ||    92
 Fire: Shortbow          |       |       |       |    48 ||    48
Throw: Javelin           |       |     2 |     6 |       ||     8
       Stone             |       |       |     1 |       ||     1
       Boomerang         |       |       |       |     5 ||     5
 Cast: Magic Dart        |    43 |    63 |    34 |    64 ||   204
       Searing Ray       |     6 |    18 |    58 |    36 ||   118
       Dazzling Flash    |       |       |       |     3 ||     3
 Abil: Dig               |     2 |       |     1 |     5 ||     8
  Use: Scroll            |       |     5 |     2 |       ||     7
       Potion            |       |       |       |     2 ||     2
 Stab: Sleeping          |     1 |     1 |     2 |     1 ||     5
Armor: Robe              |     5 |    51 |    51 |    41 ||   148
Dodge: Dodged            |    10 |   107 |   110 |    99 ||   326
